 Dungeon Crawl Stone Soup version 0.31-a0-246-g8cbcc1cb85 (webtiles) character file.

Game seed: 14608434649133645840

3633 dolemite99 the Grappler (level 9, -10/75 HPs)
             Began as a Pale Draconian Shapeshifter on July 12, 2023.
             Was an Elder of Dithmenos.
             Killed from afar by an acid dragon (22 damage)
             ... with a splash of acid
             ... on level 8 of the Dungeon.
             The game lasted 00:14:55 (7904 turns).

dolemite99 the Grappler (DrSh)                      Turns: 7904, Time: 00:14:55

Health: -10/75     AC: -1    Str: 19    XL:     9   Next: 87%
Magic:  9/9        EV: 15    Int:  8    God:    Dithmenos [****..]
Gold:   222        SH:  0    Dex: 21    Spells: 2/8 levels left

rFire   . . .        a - +0 sling (flame)
rCold   + . .        (no shield)
rNeg    . . .        (body armour unavailable)
rPois   .            (helmet currently unavailable)
rElec   .            (cloak currently unavailable)
rCorr   .            (gloves currently unavailable)
SInv    .            (boots currently unavailable)
Will    .....        (no amulet)
Stlth   ++           v - +6 ring of dexterity
HPRegen 0.32/turn    d - ring of protection from cold
MPRegen 0.11/turn

%: no passive effects
@: beast-form, corroded, wreathed by umbra
A: beast (slay +4), breathe steam, AC +7, unfitting armour, cold-blooded, steam
resistance
a: Breathe Steam, Renounce Religion, Shadow Step


You were on level 8 of the Dungeon.
You worshipped Dithmenos.
Dithmenos was greatly pleased with you.
You were a hulking beast.
You visited 1 branch of the dungeon, and saw 8 of its levels.
You also visited: Sewer.

You collected 497 gold pieces.
You spent 275 gold pieces at shops.

Inventory:

Hand Weapons
 a - a +0 sling of flaming (weapon)
Armour
 u - a +1 cloak
Magical Staves
 f - a staff of air
 j - a staff of cold
Jewellery
 d - a ring of protection from cold (right hand)
 h - a ring of fire
 p - a ring of ice
 s - a ring of protection from cold
 t - a ring of wizardry
 v - a +6 ring of dexterity (left hand)
Talismans
 b - a beast talisman
Wands
 x - a wand of flame (19)
Scrolls
 c - 2 scrolls of poison
 e - a scroll of butterflies
 i - a scroll of teleportation
 l - a scroll of revelation
 m - a scroll of fog
 o - 2 scrolls of noise
 r - a scroll of vulnerability
 y - a scroll of enchant armour
Potions
 g - 3 potions of curing
 k - 2 potions of ambrosia {unknown}
 n - 2 potions of attraction
 q - 6 potions of heal wounds {unknown}
 w - 2 potions of mutation {unknown}
 z - 2 potions of might {unknown}
 A - 2 potions of magic {unknown}


   Skills:
 + Level 5.7 Fighting
 - Level 4.1 Ranged Weapons
 + Level 4.7 Dodging
 - Level 8.3 Unarmed Combat
 * Level 4.2 Air Magic
 * Level 6.6 Shapeshifting


You had 2 spell levels left.
You knew the following spells:

 Your Spells              Type           Power      Damage    Failure   Level
a - Mephitic Cloud        Conj/Pois/Air  2%         N/A       58%         3
b - Swiftness             Air            6%         N/A       24%         3

Your spell library contained the following spells:

 Spells                   Type           Power      Damage    Failure   Level
 Shock                    Conj/Air       12%        1d3       19%         1
 Call Imp                 Summ           0%         N/A       54%         2
 Airstrike                Air            3%         2d(1-17)  61%         4
 Olgreb's Toxic Radiance  Pois           0%         N/A       99%         4
 Haunt                    Necr/Summ      0%         N/A       100%        7


Dungeon Overview and Level Annotations

Branches:
Dungeon (8/15)             Temple (0/1) D:4           Sewer (visited)
   Lair: D:8-11

Altars:
Ashenzari
Cheibriados
Dithmenos
Gozag
Nemelex Xobeh
Uskayaw
Vehumet
Yredelemnul
Zin

Shops:
D:1 [   D:6 *


Innate Abilities, Weirdness & Mutations

You are a hulking beast.
Your limbs bulge with bestial killing power. (Slay +4)
You can breathe blasts of scalding, opaque steam.
Your pale cyan-grey scales are hard. (AC +7)
You cannot fit into any form of body armour.
You are cold-blooded and may be slowed by cold attacks.
You are immune to the effects of steam.


Message History

a +0 mace; an orc corpse You see here a +0 hand axe.
You now have 222 gold pieces (gained 6).
An acid dragon comes into view.
You shoot a sling bullet. The sling bullet hits the acid dragon.
The sling bullet burns the acid dragon.
The acid dragon roars!
The acid dragon is lightly wounded.
An acid dragon is nearby!
You shoot a sling bullet. The sling bullet hits the acid dragon.
The sling bullet burns the acid dragon.
The acid dragon is moderately wounded.
The acid dragon spits acid at you. The splash of acid hits you!!
The acid corrodes you!
An acid dragon is nearby!
You start resting.
An acid dragon is nearby!
Fire: a) +0 sling (flame)
Press: ? - help, Q - select action, (/) - cycle Shift-Dir - straight line, f/p - acid dragon
Aim: an acid dragon (moderately wounded, umbra, 69% to hit)
You shoot a sling bullet.
The sling bullet barely misses the acid dragon.
The acid dragon spits acid at you. The splash of acid hits you!!
The acid corrodes you!
Fire: a) +0 sling (flame)
Press: ? - help, Q - select action, (/) - cycle Shift-Dir - straight line, f/p - acid dragon
Aim: an acid dragon (moderately wounded, umbra, 68% to hit)
You shoot a sling bullet.
The sling bullet barely misses the acid dragon.
The acid dragon spits acid at you. The splash of acid hits you!
* * * LOW HITPOINT WARNING * * *
Fire: a) +0 sling (flame)
Press: ? - help, Q - select action, (/) - cycle Shift-Dir - straight line, f/p - acid dragon
Aim: an acid dragon (moderately wounded, umbra, 68% to hit)
You shoot a sling bullet.
The sling bullet barely misses the acid dragon.
The acid dragon spits acid at you. The splash of acid hits you!!
You die...

### #.#######
#############........
#...h................
#D###########.#######
#. #........ #.
######### .. .. .D. #
... # #


You could see an acid dragon (catching breath).

Vanquished Creatures
  Psyche (D:8)
  Prince Ribbit (D:7)
  Grinder (D:4)
  A steam dragon (D:8)
  Menkaure (D:7)
  A black bear (D:6)
  An orc warrior (D:7)
  4 ice beasts
  A centaur (D:6)
  5 phantoms
  3 kobold brigands
  A jelly (D:5)
  3 scorpions
  3 wights (D:6)
  6 killer bees (D:8)
  A howler monkey (D:7)
  An orc priest (D:8)
  A gnoll bouda (D:7)
  3 hounds
  2 sleepcaps (D:6)
  Jessica (D:2)
  5 iguanas
  Terence (D:3)
  3 orc wizards (D:7)
  10 gnolls
  8 adders
  A river rat (D:5)
  2 white imps (D:7)
  An ufetubus (D:5)
  5 worms
  A dart slug (D:3)
  26 orcs
  9 ball pythons
  7 endoplasms
  5 giant cockroaches
  7 goblins
  11 hobgoblins
  8 jackals
  24 kobolds
  3 quokkas
  7 bats
  4 frilled lizards
  13 rats
203 creatures vanquished.

Notes
Turn   | Place    | Note
-------+----------+-------------------------------------------
     0 | D:1      | dolemite99 the Draconian Shapeshifter began the quest for
                  | the Orb.
     0 | D:1      | Reached XP level 1. HP: 17/17 MP: 1/1
   159 | D:1      | Reached XP level 2. HP: 23/24 MP: 2/2
   181 | D:1      | Reached skill level 3 in Unarmed Combat
   397 | D:1      | Found Tize's Antique Armour Emporium.
   643 | D:2      | Reached XP level 3. HP: 29/29 MP: 3/3
   961 | D:2      | Reached skill level 4 in Unarmed Combat
  1299 | D:2      | Reached XP level 4. HP: 36/36 MP: 4/4
  1408 | D:2      | Noticed Jessica
  1413 | D:2      | Killed Jessica
  1617 | D:3      | Found a faded altar of an unknown god.
  1723 | D:3      | Found a glowing silver altar of Zin.
  1728 | D:3      | Prayed at the altar of an unknown god.
  1728 | D:3      | Became a worshipper of Dithmenos the Shadowed
  1728 | D:3      | Reached * piety under Dithmenos
  1775 | D:3      | Noticed Terence
  1782 | D:3      | Killed Terence
  1783 | D:3      | Reached skill level 5 in Unarmed Combat
  1787 | D:3      | Reached XP level 5. HP: 30/41 MP: 5/5
  2042 | D:3      | Found a faded altar of an unknown god.
  2116 | D:3      | Found a sparkling altar of Nemelex Xobeh.
  2417 | D:4      | Found a staircase to the Ecumenical Temple.
  2445 | D:4      | Reached ** piety under Dithmenos
  2452 | D:4      | Noticed Grinder
  2457 | D:4      | Paralysed by Grinder for 4 turns
  2469 | D:4      | Paralysed by Grinder for 5 turns
  2481 | D:4      | Killed Grinder
  2482 | D:4      | Reached skill level 6 in Unarmed Combat
  2482 | D:4      | Reached XP level 6. HP: 25/48 MP: 6/6
  2520 | D:4      | Reached skill level 7 in Unarmed Combat
  2905 | D:4      | Your scales start taking on a pale cyan-grey colour.
  2905 | D:4      | Reached XP level 7. HP: 40/55 MP: 7/7
  2905 | D:4      | Gained mutation: You are immune to the effects of steam.
                  | [Pale Draconian growth]
  3397 | D:5      | Entered Level 5 of the Dungeon
  3442 | D:5      | Reached skill level 8 in Unarmed Combat
  3521 | D:5      | Found an opulent altar of Gozag.
  3522 | D:5      | Got the Compilation of the Viridian Flock
  3564 | D:5      | Found a broken altar of Ashenzari.
  3784 | D:5      | Found a glowing drain.
  3795 | Sewer    | Entered a sewer
  4097 | Sewer    | Reached XP level 8. HP: 57/63 MP: 8/8
  4102 | Sewer    | Reached *** piety under Dithmenos
  4207 | D:5      | Found a basalt altar of Yredelemnul.
  4498 | D:5      | Found a radiant altar of Vehumet.
  4616 | D:5      | Reached skill level 1 in Ranged Weapons
  4807 | D:6      | Found Gugaocwi's Fire Supplies.
  4823 | D:6      | Bought a ring of fire for 275 gold pieces
  5876 | D:6      | Reached skill level 5 in Shapeshifting
  6238 | D:7      | Found a hide-covered altar of Uskayaw.
  6258 | D:7      | Noticed Menkaure
  6760 | D:7      | Killed Menkaure
  6761 | D:7      | Reached XP level 9. HP: 72/72 MP: 9/9
  6880 | D:7      | Learned a level 3 spell: Mephitic Cloud
  7050 | D:7      | Learned a level 3 spell: Swiftness
  7068 | D:7      | Found a snail-covered altar of Cheibriados.
  7068 | D:7      | Found a shadowy altar of Dithmenos.
  7074 | D:7      | Noticed Prince Ribbit
  7102 | D:7      | Reached skill level 1 in Air Magic
  7117 | D:7      | Killed Prince Ribbit
  7117 | D:7      | Reached **** piety under Dithmenos
  7118 | D:7      | Reached skill level 5 in Fighting
  7493 | D:8      | Noticed Psyche
  7503 | D:8      | Killed Psyche
  7904 | D:8      | Killed from afar by an acid dragon

Illustrated notes

Levels and vault maps discovered:
D:1:      matt_arrival_refuge, layout_rooms, serial_shops,
          nicolae_shop_overgrown_old_shop
D:2:      minmay_diamond_boxcup, layout_loops_ring, uniq_jessica
D:3:      layout_loops_ring, nemelex_xobeh_ov_fountains_minmay,
          nicolae_overflow_ecumenical_swirl,
          hellmonk_ecumenical_altar_arch_garden, uniq_terence
D:4:      minmay_door_path, layout_basic, temple_fountains, uniq_grinder
D:5:      layout_cave_pools, evilmike_ruin_ashenzari,
          mainiacjoe_overflow_chevrons, nicolae_overflow_crystal_walls,
          mainiacjoe_overflow_alcove_4, lightli_sewer_entry_pipes,
          corexii_hall_statues_i
D:6:      layout_gridville, nicolae_shop_fire_sale [nicolae_sub_dead_trees]
D:7:      layout_rooms, mainiacjoe_overflow_alcove_1, jmf_multi_god_temple,
          enter_bailey_3, uniq_prince_ribbit1, uniq_menkaure
D:8:      layout_basic, mainiacjoe_overflow_concentric_impassable, uniq_psyche

Skill      XL: |  1  2  3  4  5  6  7  8  9 |
---------------+----------------------------+-----
Unarmed Combat | 3 4 5 6 7 8 |  8.3
Dodging        | 2 3 4 |  4.7
Fighting       | 3 4 5 |  5.7
Shapeshifting  | 4 5 6 |  6.6
Ranged Weapons | 3 4 |  4.1
Air Magic      | 4 |  4.2

Action                     |  1- 3 |  4- 6 |  7- 9 || total
---------------------------+-------+-------+-------++-------
  Melee: Unarmed           |   105 |    86 |   187 ||   378
         Tailslap          |    14 |     8 |    29 ||    51
         Punch             |     2 |     1 |    12 ||    15
   Fire: Sling             |       |       |   137 ||   137
Ability: Breathe Steam     |       |       |    23 ||    23
  Evoke: Wand              |       |       |     6 ||     6
    Use: Potion            |       |     1 |     2 ||     3
         Scroll            |       |       |    13 ||    13
   Stab: Sleeping          |     3 |     1 |     1 ||     5
 Armour: Skin              |    31 |    44 |    50 ||   125
  Dodge: Dodged            |    62 |    72 |   183 ||   317
         Form:             |       |       |     1 ||     1
         Beast             |       |       |     1 ||     1

Table legend: (Time is in decaauts)
 A = Elapsed time spent in this place.
 B = Non-inter-level travel time spent in this place.
 C = Inter-level travel time spent in this place.
 D = Time resting spent in this place.
 E = Time spent auto-exploring this place.
 F = Levels seen in this place.
 G = Mean time per level.
                   A        B        C        D        E       F      G
               +--------+--------+--------+--------+--------+-----+--------+
         Total |   7918 |   7779 |    139 |   2215 |   3866 |   9 |  879.8 |
       Dungeon |   7543 |   7404 |    139 |   2171 |   3683 |   8 |  942.9 |
         Sewer |    375 |    375 |      0 |     44 |    182 |   1 |  375.0 |
               +--------+--------+--------+--------+--------+-----+--------+

Top non-repeatable levels by time:
     D:6: 1991 daAuts
     D:5: 1002 daAuts
     D:4: 988 daAuts
     D:3: 948 daAuts
     D:2: 885 daAuts
     D:7: 705 daAuts
     D:1: 558 daAuts
     D:8: 463 daAuts
   Sewer: 375 daAuts
